Map: Ephemeron LE

Players

HellraiseR

  • Race: Protoss Protoss
  • Spawn Location: 11:00

llllllllllll (Stats) - Winner!

  • Race: Protoss Protoss
  • League: Master
  • Spawn Location: 5:00

Event: HomeStory Cup XX

VOD

Have the link to the VOD?

Description

Time

  • Played on: Nov. 22, 2019, 5:17 a.m.
  • Length: 6:33

All games in this series

Show
View Real Time Build Order
Export as new Build Order

HellraiseR Protoss 

Build Orders: Phoenix Opening, Blink Stalkers 

Get SALT Encoding   

  12  0:00  Probe  
  13  0:12  Probe  
  14  0:17  Pylon  
  14  0:23  Probe  
  15  0:31  Probe  
  15  0:38  Gateway  
  15  0:40  Probe  
  16  0:46  Assimilator  
  17  0:50  Probe  
  17  0:54  Assimilator  
  18  0:59  Probe  
  19  1:07  Probe  
  19  1:09  Gateway  
  20  1:17  Probe  
  20  1:25  Cybernetics Core  
  21  1:29  Probe  
  22  1:38  Pylon  
  22  1:41  Probe  
  23  1:56  Probe  
  24  2:02  Stalker, Sentry, Warp Gate  
  24  2:08  Probe  
  29  2:13  Pylon  
  29  2:20  Probe  
  30  2:31  Stalker  
  30  2:35  Phoenix  
  31  2:45  Nexus  
  31  2:48  Probe  
  32  2:52  Sentry  
  34  3:00  Probe  
  35  3:07  Pylon  
  35  3:13  Probe  
  35  3:19  Twilight Council  
  36  3:23  Forge, Probe  
  37  3:32  Probe  
  37  3:36  Protoss Ground Weapons Level 1  
  37  3:40  Probe  
  39  3:50  Adept x2  
  39  3:52  Probe  
  39  3:53  Blink  
  44  3:58  Probe  
  44  4:02  Probe  
  46  4:10  Probe x2  
  46  4:11  Phoenix  
  48  4:21  Probe  
  48  4:22  Probe  
  48  4:30  Stalker x2  
  50  4:33  Probe  
  50  4:34  Probe  
  52  4:42  Gateway  
  52  4:43  Gateway  
  52  4:45  Probe  
  52  4:47  Probe  
  52  4:51  Assimilator  
  54  4:53  Stalker x2  
  54  4:58  Probe  
  54  4:59  Probe  
  60  5:07  Robotics Facility  
  60  5:09  Assimilator  
  60  5:10  Pylon  
  60  5:14  Pylon  
  60  5:16  Stalker  
  63  5:28  Pylon, Probe x2  
  63  5:29  Stalker  
  63  5:31  Pylon  
  66  5:38  Stalker x2  
  70  5:42  Stalker  
  70  5:48  Pylon  
  72  5:52  Stalker  
  74  6:00  Robotics Bay  
  74  6:10  Shield Battery  
  74  6:11  Shield Battery  
  74  6:13  Stalker x2  
  66  6:32  Stalker x2  
Show
View Real Time Build Order
Export as new Build Order

llllllllllll Protoss - Winner!

Build Orders: Phoenix Opening 

Get SALT Encoding   

  12  0:00  Probe  
  13  0:13  Probe  
  14  0:17  Pylon  
  14  0:24  Probe  
  15  0:32  Probe  
  15  0:37  Gateway  
  15  0:40  Probe  
  16  0:46  Assimilator  
  17  0:51  Probe  
  17  0:55  Assimilator  
  18  1:00  Probe  
  19  1:08  Probe, Gateway  
  19  1:17  Probe  
  20  1:24  Cybernetics Core  
  21  1:29  Probe  
  22  1:36  Pylon  
  22  1:41  Probe  
  23  1:54  Probe  
  24  2:01  Stalker  
  24  2:02  Warp Gate, Sentry  
  24  2:06  Probe  
  29  2:12  Pylon  
  29  2:31  Stalker  
  29  2:32  Sentry  
  29  2:35  Phoenix  
  33  2:46  Nexus  
  33  2:48  Probe  
  34  2:56  Pylon  
  34  2:59  Sentry  
  34  3:00  Probe  
  37  3:09  Probe  
  38  3:16  Forge  
  38  3:17  Probe  
  38  3:24  Robotics Facility  
  38  3:26  Probe  
  40  3:34  Phoenix  
  40  3:38  Probe  
  41  3:44  Gateway  
  41  3:46  Probe  
  41  3:49  Protoss Ground Weapons Level 1  
  41  3:54  Probe x2  
  42  4:02  Probe  
  44  4:04  Immortal  
  44  4:05  Probe  
  46  4:12  Probe  
  51  4:17  Probe  
  51  4:20  Stalker  
  53  4:24  Probe  
  53  4:29  Probe  
  53  4:30  Pylon  
  54  4:36  Probe  
  54  4:37  Immortal  
  55  4:39  Assimilator  
  55  4:41  Probe  
  60  4:52  Stalker x2  
  64  4:57  Stalker  
  66  5:04  Probe  
  66  5:06  Pylon, Warp Prism  
  67  5:07  Pylon  
  67  5:11  Robotics Bay  
  69  5:27  Pylon  
  69  5:30  Adept x2  
  69  5:32  Adept  
  75  5:48  Gateway  
  75  5:51  Gateway  
  75  5:52  Gateway  
  81  6:05  Adept x2  
  81  6:06  Adept  
  87  6:15  Pylon  
  87  6:27  Adept x3  
Tags
 
Add a new tag
Caveats
  • Supply blocks, unpowered buildings, or Contaminate may cause inaccurate times.
  • Supply counts are checked every 10 seconds.